 Dungeon Crawl Stone Soup version 0.24.0-29-g8ce449bc06 (webtiles) character file.

Game seed: 11744352718304501115, levelgen mode: deterministic

4094 FishyPogo the Fighter (level 10, -6/91 HPs)
             Began as a Demonspawn Gladiator on Nov 15, 2019.
             Was a Follower of Yredelemnul.
             Killed from afar by a raiju (12 damage)
             ... with a living lightning
             ... on level 2 of the Abyss.
             The game lasted 00:41:23 (9175 turns).

FishyPogo the Fighter (Demonspawn Gladiator)        Turns: 9175, Time: 00:41:23

Health: -6/91      AC:  8    Str: 17    XL:     10   Next: 5%
Magic:  0/14       EV: 17    Int:  9    God:    Yredelemnul [*.....]
Gold:   403        SH:  0    Dex: 14    Spells: 9/9 levels left

rFire    + . .     SeeInvis .   b - +5 trident (freeze)
rCold    + + +     Gourm    .   (no shield)
rNeg     + . .     Faith    .   y - +0 leather armour {rF+}
rPois    +         Spirit   +   c - +0 helmet
rElec    .         Reflect  .   (no cloak)
rCorr    +         Harm     .   (gloves unavailable)
MR       .....                  (no boots)
Stlth    +.........             w - amulet of guardian spirit
HPRegen  0.25/turn              B - ring of resist corrosion
MPRegen  0.14/turn              x - ring "Inapusk" {+Fly rPois rC++ rN+ Dex-2}

@: flying (expiring)
A: claws 3, iridescent scales 2, cold resistance 1, powered by pain 1, robust 1,
MP-powered wands
a: Animate Remains, Renounce Religion, Stop Flying


You were on level 2 of the Abyss.
You worshipped Yredelemnul.
Yredelemnul was aware of your devotion.
You were not hungry.

You visited 2 branches of the dungeon, and saw 10 of its levels.
You visited the Abyss 2 times.

You collected 436 gold pieces.
You spent 33 gold pieces at shops.

Inventory:

Hand Weapons
 a - a +3 great sword
 b - a +5 trident of freezing (weapon)
Missiles
 d - 30 poisoned darts (quivered)
 j - 8 javelins
 s - 128 stones
 t - 4 throwing nets
 z - 4 boomerangs
Armour
 c - a +0 helmet (worn)
 y - a +0 leather armour of fire resistance (worn)
Jewellery
 g - an uncursed ring of protection from cold
 p - an uncursed ring of positive energy
 w - an amulet of guardian spirit (around neck)
 x - the ring "Inapusk" (right claw) {+Fly rPois rC++ rN+ Dex-2}
   (You took it off an orc wizard on level 8 of the Dungeon)

   [ring of poison resistance]

   It affects your dexterity (-2).
   It greatly protects you from cold.
   It protects you from poison.
   It protects you from negative energy.
   It lets you fly.
 B - a ring of resist corrosion (left claw)
Wands
 h - a wand of flame (18)
 o - a wand of iceblast (22)
 C - a wand of acid (4)
Scrolls
 e - 9 scrolls of identify
 r - a scroll of blinking {unknown}
 u - 2 scrolls of remove curse
 v - a scroll of fear
 E - 2 scrolls of random uselessness {unknown}
Potions
 i - 4 potions of resistance
 k - a potion of mutation
 l - a potion of might {unknown}
 m - 3 potions of lignification
 q - a potion of berserk rage
 A - a potion of agility {unknown}
 F - a potion of magic
Comestibles
 f - 16 rations


   Skills:
 + Level 9.1 Fighting
 - Level 3.0 Long Blades
 - Level 3.0 Throwing
 + Level 8.5 Dodging
 + Level 5.5 Invocations
 + Level 5.0 Evocations


You had 9 spell levels left.
You didn't know any spells.
Your spell library contained the following spells:

 Spells                   Type           Power        Failure   Level  Hunger
 Animate Skeleton         Necr           N/A          45%         1    ##.....
 Pain                     Necr           #...         45%         1    ##.....
 Summon Small Mammal      Summ           #...         45%         1    ##.....
 Call Imp                 Summ           #.......     58%         2    ###....
 Call Canine Familiar     Summ           #.......     83%         3    ####...
 Regeneration             Chrm/Necr      #.........   83%         3    ####...
 Summon Guardian Golem    Hex/Summ       #.......     83%         3    ####...
 Vampiric Draining        Necr           #.........   83%         3    ####...
 Animate Dead             Necr           N/A          99%         4    #####..
 Summon Ice Beast         Ice/Summ       #.......     99%         4    #####..
 Summon Lightning Spire   Summ/Air       #.......     99%         4    #####..


Dungeon Overview and Level Annotations

Branches:
Dungeon (9/15)             Temple (1/1) D:7
   Lair: D:8-11         Orc: D:9-12

Altars:
Ashenzari
Cheibriados
Elyvilon
Fedhas
Hepliaklqana
Kikubaaqudgha
Makhleb
Nemelex Xobeh
Okawaru
Qazlal
Ru
Sif Muna
Trog
Uskayaw
Vehumet
Wu Jian
Yredelemnul
Zin
The Shining One

Shops:
D:5 *

Annotations:
D:9 Psyche


Innate Abilities, Weirdness & Mutations

You have claws for hands.
You are mostly covered in iridescent scales. (AC +4)
You sometimes gain a little power by taking damage.
You are robust. (+10% HP)
Your flesh is cold resistant. (rC+)
You expend magic power (3 MP) to strengthen your wands.


Message History

You hear a bark!
A raiju comes into view.
You hear a bark!
The raiju bursts into living lightning!
The living lightning misses you.
The raiju blinks!
The raiju bursts into living lightning!
The living lightning hits you.
* * * LOW HITPOINT WARNING * * *
The raiju blinks!
The raiju bursts into living lightning!
The living lightning hits you!
* * * LOW HITPOINT WARNING * * *
The raiju blinks!
A raiju comes into view.
The raiju bursts into living lightning!
The living lightning hits you!
* * * LOW HITPOINT WARNING * * *
The living lightning hits you!
You die...
Your body rises from the dead as a mindless zombie.

.. ### #..###..## #
. #..#...#.# .# .#
..
...#....#####.#...
.. ...##...#........
#. #.#...#....$....
.##.. #.#...#.#
......#.h....##
.......@#....##### #
.
.##..###h.....#≈≈≈≈#
. #. h#.....#
≈≈≈#....
..#.##...h≈≈≈ ' #
..... #.###≈≈ ≈##. .
#..#... ##. #≈≈≈≈. .
#..#... ..##### h...
.. ##. ... . .


You could see 3 raiju.

Vanquished Creatures
  A polar bear (D:8)
  A yak (D:7)
  A hungry ghost (D:7)
  An orc warrior (D:7)
  5 ogres
  A black bear (D:8)
  An ice beast (D:7)
  2 phantoms (D:7)
  3 centaurs
  A gnoll sergeant (D:7)
  Blork the orc (D:5)
  4 bullfrogs
  A scorpion (D:5)
  6 killer bees
  3 wights
  6 crimson imps
  2 bullfrog zombies (D:5)
  A hound (D:7)
  3 centaur zombies
  7 orc priests
  2 iguanas
  8 orc wizards
  12 worker ants
  A killer bee zombie (D:5)
  A hound zombie (D:7)
  2 hound skeletons (D:4)
  A worker ant zombie (D:6)
  Robin (D:4)
  13 gnolls
  14 adders
  2 ufetubi (D:8)
  An ooze (D:2)
  3 worms
  2 dart slugs
  8 leopard geckos
  15 orcs
  15 bats
  9 giant cockroaches
  19 goblins
  8 hobgoblins
  17 jackals
  2 quokkas
  2 ball pythons (D:2)
  7 frilled lizards
  8 kobolds
  2 quokka simulacra (D:8)
  2 rats
228 creatures vanquished.

Vanquished Creatures (collateral kills)
  A hound (D:8)
  An orc priest (D:8)
  An orc wizard (D:8)
  An adder (D:8)
  A shadow imp (D:8)
  An adder zombie (D:8)
  2 orcs (D:8)
8 creatures vanquished.

Vanquished Creatures (others)
  A centaur zombie (D:8)
  A worker ant zombie (D:8)
  An orc skeleton (D:8)
3 creatures vanquished.

Grand Total: 239 creatures vanquished

Notes
Turn   | Place    | Note
-------+----------+-------------------------------------------
     0 | D:1      | FishyPogo the Demonspawn Gladiator began the quest for the
                  | Orb.
     0 | D:1      | Reached XP level 1. HP: 16/16 MP: 1/1
   219 | D:1      | Gained mutation: You have sharp fingernails. [demonic
                  | ancestry]
   219 | D:1      | Reached XP level 2. HP: 20/22 MP: 2/2
   598 | D:2      | Reached XP level 3. HP: 28/28 MP: 3/3
   935 | D:2      | Gained mutation: You have very sharp fingernails. [demonic
                  | ancestry]
   935 | D:2      | Reached XP level 4. HP: 34/34 MP: 4/4
  1011 | D:2      | Reached skill level 3 in Fighting
  2036 | D:3      | Gained mutation: You are partially covered in iridescent
                  | scales. (AC +2) [demonic ancestry]
  2036 | D:3      | Reached XP level 5. HP: 41/41 MP: 5/5
  2289 | D:4      | Noticed an ogre
  2305 | D:4      | Killed an ogre
  2305 | D:4      | Reached skill level 4 in Fighting
  2305 | D:4      | Reached XP level 6. HP: 22/48 MP: 6/6
  3584 | D:4      | Reached skill level 5 in Fighting
  3584 | D:4      | Reached skill level 5 in Dodging
  3609 | D:4      | Noticed Robin
  3633 | D:4      | Killed Robin
  3633 | D:4      | Gained mutation: You are mostly covered in iridescent
                  | scales. (AC +4) [demonic ancestry]
  3633 | D:4      | Reached XP level 7. HP: 33/56 MP: 7/7
  3713 | D:5      | Entered Level 5 of the Dungeon
  4116 | D:5      | Found Comuv's General Store.
  4125 | D:5      | Bought a potion of curing for 33 gold pieces
  4145 | D:5      | Noticed Blork the orc
  4158 | D:5      | Gained mutation: You have claws for hands. [potion of
                  | mutation]
  4158 | D:5      | Gained mutation: Your flesh is cold resistant. (rC+)
                  | [potion of mutation]
  4158 | D:5      | Gained mutation: You expend magic power (3 MP) to
                  | strengthen your wands. [potion of mutation]
  4166 | D:5      | Killed Blork the orc
  4166 | D:5      | Reached skill level 1 in Evocations
  4554 | D:5      | Reached skill level 6 in Fighting
  4778 | D:5      | Gained mutation: You sometimes gain a little power by
                  | taking damage. [demonic ancestry]
  4778 | D:5      | Reached XP level 8. HP: 6/64 MP: 0/9
  4980 | D:5      | Found the +6 lightning scales {run, rElec}
  6154 | D:6      | Reached skill level 7 in Fighting
  6708 | D:7      | Mutation became permanent: You have very sharp fingernails.
                  | [demonic ancestry]
  6708 | D:7      | Gained mutation: You have claws for hands. [demonic
                  | ancestry]
  6708 | D:7      | Reached XP level 9. HP: 72/72 MP: 12/12
  6909 | D:7      | Found a staircase to the Ecumenical Temple.
  6915 | Temple   | Entered the Ecumenical Temple
  6949 | Temple   | Became a worshipper of Yredelemnul the Dark
  7256 | D:7      | Reached skill level 5 in Evocations
  7283 | D:7      | Reached skill level 8 in Fighting
  7295 | D:7      | Reached skill level 1 in Invocations
  7652 | D:8      | Noticed a polar bear
  7675 | D:8      | Killed a polar bear
  8300 | D:7      | Reached * piety under Yredelemnul
  8469 | D:8      | Reached skill level 5 in Invocations
  8498 | D:8      | Reached skill level 9 in Fighting
  8546 | D:8      | Identified the ring "Inapusk" {+Fly rPois rC++ rN+ Dex-2}
  8571 | D:8      | Gained mutation: You are robust. (+10% HP) [demonic
                  | ancestry]
  8571 | D:8      | Reached XP level 10. HP: 44/91 MP: 11/13
  8930 | D:8      | Found a stormy altar of Qazlal.
  9038 | D:9      | Noticed Psyche
  9055 | D:9      | Cast into level 1 of the Abyss (Psyche)
  9122 | Abyss:1  | Noticed a large abomination
  9130 | D:9      | Escaped the Abyss
  9148 | D:9      | Cast into level 2 of the Abyss (Psyche)
  9175 | Abyss:2  | Killed from afar by a raiju

Levels and vault maps discovered:
D:1:      elethiomel_arrival_quiet, layout_basic
D:2:      layout_basic, first_ration, minmay_worlds_worst_comb
D:3:      layout_rooms
D:4:      layout_basic, minmay_hedge_maze, chequers_hall_statues_corner_a,
          uniq_robin
D:5:      layout_basic, serial_shops, nicolae_shop_trees,
          hangedman_abyss_or_decor_stagger, uniq_blork_the_orc
D:6:      layout_gridville
D:7:      layout_basic, minmay_temple_entry_grid, grunt_ogre_cave
D:8:      layout_basic, marbit_many_paths, serial_ice, serial_ice_h,
          serial_ice_a, serial_ice_m, serial_ice_n
D:9:      layout_basic, gammafunk_temple_overflow_claw, serial_rivers,
          chequers_serial_rivers_small_3, chequers_serial_rivers_micro_c,
          chequers_serial_rivers_small_a, chequers_serial_rivers_micro_a,
          chequers_serial_rivers_room_b, chequers_serial_rivers_room_b,
          uniq_maurice, uniq_psyche
Temple:   dpeg_five_rooms_temple
Abyss:2:  base: D:14, hangedman_abyss_feature_spike, small_statue_intersection

Skill      XL: |  1  2  3  4  5  6  7  8  9 |
---------------+----------------------------+-----
Dodging        | 3 4 5 6 7 8 |  8.5
Throwing       | 2 3 |  3.0
Long Blades    | 3 |  3.0
Fighting       | 3 4 5 6 7 9 |  9.1
Evocations     | 2 4 5 |  5.0
Invocations    | 5 |  5.5

Action                   |  1- 3 |  4- 6 |  7- 9 | 10-12 || total
-------------------------+-------+-------+-------+-------++-------
Melee: Long sword        |    98 |   220 |    14 |       ||   332
       Falchion          |       |       |   278 |       ||   278
       Great sword       |       |       |   115 |       ||   115
       Trident           |       |       |    98 |    45 ||   143
       Hunting sling     |       |       |    28 |       ||    28
       Unarmed           |       |       |     8 |       ||     8
 Fire: Hunting sling     |       |       |    41 |       ||    41
Throw: Stone             |    14 |    70 |    31 |     3 ||   118
       Throwing net      |     2 |       |       |       ||     2
       Dart              |       |     6 |    48 |     4 ||    58
       Javelin           |       |     1 |    14 |       ||    15
Invok: Animate Remains   |       |       |     4 |     3 ||     7
 Abil: Evoke Flight      |       |       |       |     2 ||     2
Evoke: Wand              |       |       |     3 |       ||     3
  Use: Potion            |       |     3 |     7 |     1 ||    11
       Scroll            |       |       |     9 |       ||     9
 Stab: Sleeping          |     2 |     1 |     2 |       ||     5
       Distracted        |     1 |       |       |       ||     1
       Invisible         |       |     1 |       |       ||     1
  Eat: Chunk             |       |     9 |    21 |     3 ||    33
Armor: Leather armour    |    22 |    61 |   170 |    13 ||   266
       Skin              |       |       |    59 |       ||    59
Dodge: Dodged            |    90 |   173 |   541 |    47 ||   851
       Rpst.: Long sword |    27 |    55 |     3 |       ||    85
       Falchion          |       |       |    86 |       ||    86
       Great sword       |       |       |    41 |       ||    41
